 Dungeon Crawl Stone Soup version 0.31-a0-185-g9dded2c639 (webtiles) character file.

Game seed: 8072128937285249470

498 qw the Skirmisher (level 6, -1/35 HPs)
             Began as a Deep Elf Hunter on June 22, 2023.
             Slain by a phantom (2 damage)
             ... on level 4 of the Dungeon.
             The game lasted 00:01:11 (2617 turns).

qw the Skirmisher (Deep Elf Hunter)                 Turns: 2617, Time: 00:01:12

Health: -1/35      AC:  8    Str: 14    XL:     6   Next: 94%
Magic:  8/8        EV: 10    Int: 14    God:
Gold:   248        SH:  0    Dex: 18    Spells: 5/5 levels left

rFire   + . .        Y - +1 shortbow
rCold   . . .        (shield currently unavailable)
rNeg    . . .        i - +0 scale mail {rF+}
rPois   +            m - +0 helmet of Bespelled Beauty {+Inv rCorr Str+4}
rElec   .            (no cloak)
rCorr   +            l - +0 pair of gloves
SInv    .            (no boots)
Will    .....        (no amulet)
Stlth   +            o - ring of poison resistance
HPRegen 0.25/turn    (no ring)
MPRegen 0.11/turn

%: no passive effects
@: no status effects
A: no striking features
a: Evoke Invisibility


You were on level 4 of the Dungeon.
You visited 1 branch of the dungeon, and saw 4 of its levels.

You collected 248 gold pieces.


   Skills:
 - Level 2.3 Fighting
 - Level 10.1 Ranged Weapons
 - Level 1.7 Armour
 + Level 2.4 Dodging
 - Level 1.2 Stealth


You had 5 spell levels left.
You didn't know any spells.
Your spell library was empty.

Inventory:

Hand Weapons
 Y - a +1 shortbow (weapon)
Armour
 g - a +3 leather armour
 i - a +0 scale mail of fire resistance (worn)
 l - a +0 pair of gloves (worn)
 m - the +0 helmet of Bespelled Beauty (worn) {+Inv rCorr Str+4}
   (You took it off Robin on level 2 of the Dungeon)

   Str:       It affects your strength (+4).
   +Inv:      It lets you turn invisible.
   rCorr:     It protects you from acid and corrosion.
Jewellery
 o - a ring of poison resistance (left hand)
Scrolls
 a - a scroll of identify
Potions
 d - a potion of cancellation
 e - a potion of heal wounds {unknown}
 f - a potion of mutation {unknown}
 h - a potion of attraction {unknown}
 j - 2 potions of haste
 k - a potion of curing
 n - a potion of enlightenment {unknown}

Dungeon Overview and Level Annotations

Branches:
Dungeon (4/15)
 Temple: D:4-7

Altars:


Message History

Your Armour skill increases to level 1!
You shoot an arrow.
The arrow hits the scorpion but does no damage.
You feel very sick. The phantom completely misses you.
The scorpion closely misses you.
The phantom hits you but does no damage.
You shoot an arrow. The arrow barely misses the scorpion.
You feel sick. The scorpion misses you. The scorpion barely misses you.
The phantom hits you.
You shoot an arrow. The arrow hits the scorpion.
The scorpion is lightly wounded.
You feel sick. The scorpion misses you.
The phantom hits you but does no damage.
You shoot an arrow. The arrow hits the scorpion!
The scorpion is severely wounded.
You feel sick.
The scorpion stings you but does no damage.
The phantom hits you but does no damage.
You shoot an arrow.
The arrow hits the scorpion but does no damage.
The scorpion is severely wounded.
You feel sick. The scorpion stings you.
The phantom hits you but does no damage.
The scorpion stings you but does no damage.
You shoot an arrow. The arrow barely misses the scorpion.
You feel sick. The scorpion closely misses you.
The phantom hits you but does no damage.
You shoot an arrow. The arrow hits the scorpion!
You kill the scorpion!
You feel sick.
The phantom hits you but does no damage.
Your Fighting skill increases to level 2!
You shoot an arrow. The arrow hits the phantom!
The phantom is heavily damaged.
You feel sick.
You are no longer poisoned.
The phantom hits you but does no damage.
You shoot an arrow. The arrow closely misses the phantom.
The phantom barely misses you. The phantom hits you.
You die...

.[. #..
.... ..#
.... ..#
..... ..#
.P...## ..#
7P..... ..#
7P.....#).#
.P.....@.#
P.....)W##
7.......#
7........
7.....#...
P...###....
.... .....#
... .....#
.. ##....


You could see a phantom.

Vanquished Creatures
  Grinder (D:3)
  An ogre (D:4)
  A scorpion (D:4)
  Robin (D:2)
  A gnoll (D:1)
  4 adders
  A worm (D:3)
  3 dart slugs
  3 orcs (D:4)
  9 endoplasms
  3 giant cockroaches
  13 goblins
  12 hobgoblins
  5 jackals
  5 quokkas
  6 ball pythons
  6 bats
  6 frilled lizards
  5 kobolds
  5 rats
91 creatures vanquished.

Notes
Turn   | Place    | Note
-------+----------+-------------------------------------------
     0 | D:1      | qw the Deep Elf Hunter began the quest for the Orb.
     0 | D:1      | Reached XP level 1. HP: 12/12 MP: 3/3
     0 | D:1      | 0 ||| qw: Version: 0.3-a-9-g12657ce
     0 | D:1      | 0 ||| qw: Game counter: 1819
     0 | D:1      | 0 ||| qw: Always use a shield: true
     0 | D:1      | 0 ||| qw: God list: Okawaru
     0 | D:1      | 0 ||| qw: Allow faded altars: false
     0 | D:1      | 0 ||| qw: Do Orc after D:15 true
     0 | D:1      | 0 ||| qw: Do second Lair branch before Depths: true
     0 | D:1      | 0 ||| qw: Lair rune preference: random
     0 | D:1      | 0 ||| qw: Plans: Normal
     0 | D:1      | 0 ||| PLANNING D:1-11
   166 | D:1      | Reached XP level 2. HP: 12/16 MP: 4/4
   188 | D:1      | Reached skill level 6 in Ranged Weapons
   490 | D:1      | Reached XP level 3. HP: 20/20 MP: 5/5
   767 | D:1      | Found a faded altar of an unknown god.
   815 | D:1      | 815 ||| UPGRADING to +0 scale mail of fire resistance.
   825 | D:1      | 825 ||| DROPPING +0 leather armour.
   826 | D:1      | 826 ||| READING scroll labelled INGIN VONYSTO.
   827 | D:1      | 827 ||| READING scroll labelled LUTISH MECHUI.
   828 | D:1      | 828 ||| READING scroll labelled AMUUSSUDEN.
   829 | D:1      | 829 ||| DRINKING 2 glowing orange potions.
   830 | D:1      | 830 ||| DROPPING scroll of butterflies.
   865 | D:2      | Reached skill level 7 in Ranged Weapons
   873 | D:2      | 873 ||| STAIRDANCE
  1109 | D:2      | 1109 ||| UPGRADING to +0 helmet.
  1167 | D:2      | 1167 ||| READING scroll labelled ULOSAH FOGEASOCW.
  1194 | D:2      | Reached XP level 4. HP: 25/25 MP: 6/6
  1270 | D:2      | Identified the +0 helmet of Bespelled Beauty {+Inv rCorr
                  | Str+4}
  1270 | D:2      | Noticed Robin
  1271 | D:2      | 1271 ||| FLEEEEING.
  1272 | D:2      | 1272 ||| FLEEEEING.
  1273 | D:2      | 1273 ||| FLEEEEING.
  1294 | D:2      | Killed Robin
  1294 | D:2      | HP: 6/25 [goblin/+0 dagger[Robin] (2)]
  1295 | D:2      | Reached skill level 8 in Ranged Weapons
  1299 | D:2      | HP: 3/25 [goblin/+0 dagger[Robin] (2)]
  1304 | D:2      | HP: 1/25 [goblin/+0 dagger[Robin] (3)]
  1403 | D:2      | 1403 ||| UPGRADING to +0 helmet of Bespelled Beauty {+Inv
                  | rCorr Str+4}.
  1413 | D:2      | 1413 ||| DROPPING +0 helmet.
  1672 | D:2      | 1672 ||| READING scroll labelled POMORCHIYBONUE.
  1673 | D:2      | 1673 ||| READING scroll labelled OPUOGROITI.
  1674 | D:2      | 1674 ||| READING scroll labelled DICKUPEGIEROT.
  1875 | D:3      | Reached XP level 5. HP: 27/29 MP: 7/7
  1967 | D:3      | Noticed Grinder
  1971 | D:3      | Paralysed by Grinder for 5 turns
  1982 | D:3      | Paralysed by Grinder for 5 turns
  1991 | D:3      | Killed Grinder
  1992 | D:3      | Reached skill level 10 in Ranged Weapons
  1992 | D:3      | Reached XP level 6. HP: 27/34 MP: 8/8
  2566 | D:3      | 2566 ||| UPGRADING to +0 pair of gloves.
  2571 | D:3      | 2571 ||| UPGRADING to ring of poison resistance.
  2572 | D:3      | 2572 ||| READING scroll labelled MOPLAFR HOEVVO.
  2573 | D:3      | 2573 ||| READING 3 scrolls of identify.
  2573 | D:3      | 2573 ||| IDENTIFYING smoky red potion
  2574 | D:3      | 2574 ||| READING 2 scrolls of identify.
  2574 | D:3      | 2574 ||| IDENTIFYING emerald potion
  2575 | D:3      | 2575 ||| DROPPING potion of invisibility.
  2609 | D:4      | Reached skill level 1 in Armour
  2612 | D:4      | HP: 8/35 [poisoned by a scorpion]
  2613 | D:4      | HP: 3/35 [scorpion (5)]
  2615 | D:4      | HP: 1/35 [poisoned by a scorpion]
  2617 | D:4      | Slain by a phantom

Levels and vault maps discovered:
D:1:      wander_arrival_chamber, layout_basic,
          shapermc_ecumenical_altar_mp_vishouse
D:2:      layout_loops_ring, minmay_hexomino_c4, uniq_robin
D:3:      layout_basic, uniq_grinder
D:4:      layout_cave_pools, lemuel_crystal_altar, doesnt_xom_only_xom,
          grunt_temple_overflow_open, serial_park, serial_park_square1
          [serial_park_minivault_5x5_6], serial_park_fountain,
          serial_park_tiny_pond, minmay_misc_feat_rows, minmay_quantized,
          uniq_ijyb

Skill      XL: |  1  2  3  4  5  6 |
---------------+-------------------+-----
Ranged Weapons | 6 7 8 10 | 10.1
Armour         | 1 |  1.7
Fighting       | 2 |  2.3
Dodging        | |  2.4
Stealth        | |  1.2

Action                     |  1- 3 |  4- 6 || total
---------------------------+-------+-------++-------
   Fire: Shortbow          |   144 |   147 ||   291
    Use: Scroll            |     4 |     6 ||    10
         Potion            |     1 |       ||     1
 Armour: Leather armour    |    14 |       ||    14
         Scale mail        |    33 |    56 ||    89
  Dodge: Dodged            |    41 |    52 ||    93

Table legend:
 A = Non-vault XP
 B = Vault XP
 C = Vault XP percentage of total XP
 D = Non-vault monster count
 E = Vault monster count
 F = Vault count percentage of total count
                 A         B        C        D         E       F
            +---------+---------+-------+---------+---------+-------
      Total |     378 |     334 |  46.9 |      70 |      21 |  23.1
            +---------+---------+-------+---------+---------+-------
        D:1 |      66 |       0 |   0.0 |      32 |       0 |   0.0
        D:2 |      47 |      53 |  53.0 |      14 |      20 |  58.8
        D:3 |      60 |     281 |  82.4 |      19 |       1 |   5.0
        D:4 |     205 |       0 |   0.0 |       5 |       0 |   0.0
            +---------+---------+-------+---------+---------+-------
